 Dungeon Crawl Stone Soup version 0.27.1-1-g398f81649c (webtiles) character file.

Game seed: 773818205329985473

1068 Gwenloh the Basher (level 8, -10/62 HPs)
             Began as a Palentonga Fighter on Sept 8, 2021.
             Was a Believer of Zin.
             Mangled by an ogre (30 damage)
             ... on level 5 of the Dungeon.
             The game lasted 00:15:34 (5246 turns).

Gwenloh the Basher (Palentonga Fighter)             Turns: 5246, Time: 00:15:35

Health: -10/62     AC: 15    Str: 21    XL:     8   Next: 7%
Magic:  7/8        EV:  5    Int:  9    God:    Zin [**....]
Gold:   441        SH: 16    Dex: 13    Spells: 7/7 levels left

rFire    . . .     SeeInvis +   a - +0 morningstar
rCold    . . .     Faith    .   c - +2 kite shield
rNeg     . . .     Spirit   .   k - +0 scale mail
rPois    ∞         Reflect  +   m - +2 hat
rElec    .         Harm     .   f - scarf {+Inv}
rCorr    .         Rampage  .   (no gloves)
Will     .....                  (no barding)
Stlth    ..........             t - amulet of reflection
HPRegen  0.20/turn              (no ring)
MPRegen  0.11/turn              (no ring)

@: vitalised, curled up
A: large, rugged brown scales 3, see invisible, deformed body, roll 1, armoured
tail, reflexive curl
a: Rolling Charge, Renounce Religion, Evoke Invisibility, Recite, Vitalisation,
Donate Gold


You were on level 5 of the Dungeon.
You worshipped Zin.
Zin was pleased with you.
You visited 2 branches of the dungeon, and saw 6 of its levels.

You collected 489 gold pieces.
You donated 48 gold pieces to Zin.

Inventory:

Hand Weapons
 a - a +0 morningstar (weapon)
 b - a +0 hunting sling
 y - a +0 flail
Missiles
 h - 87 stones (quivered)
 j - 40 bolts
Armour
 c - a +2 kite shield (worn)
 f - a scarf of invisibility (worn)
 k - a +0 scale mail (worn)
 m - a +2 hat (worn)
Jewellery
 e - a ring of fire
 t - an amulet of reflection (around neck)
 B - a +6 ring of intelligence
Wands
 w - a wand of polymorph (7)
 A - a wand of iceblast (7)
Scrolls
 i - a scroll of magic mapping
 l - 2 scrolls of amnesia
 q - 2 scrolls of fear {unknown}
 u - a scroll of enchant weapon {unknown}
 v - 2 scrolls of noise
 x - a scroll of vulnerability {unknown}
Potions
 d - a potion of might
 g - a potion of heal wounds {unknown}
 n - a potion of cancellation {unknown}
 o - a potion of lignification {unknown}
 p - a potion of resistance {unknown}
 r - a potion of flight {unknown}
 s - 3 potions of haste {unknown}
 z - a potion of invisibility {unknown}
 C - a potion of berserk rage {unknown}


   Skills:
 - Level 3.0 Fighting
 * Level 8.0 Maces & Flails
 - Level 2.4 Armour
 - Level 2.4 Shields
 + Level 4.7 Evocations


You had 7 spell levels left.
You didn't know any spells.
Your spell library contained the following spells:

 Spells                   Type           Power      Damage    Failure   Level
 Apportation              Tloc           0%         N/A       99%         1
 Beastly Appendage        Tmut           0%         N/A       99%         1
 Corpse Rot               Necr/Air       N/A        N/A       100%        2
 Wereblood                Tmut           0%         N/A       100%        2
 Conjure Flame            Conj/Fire      0%         6-21      100%        3
 Spider Form              Tmut/Pois      0%         N/A       100%        3
 Dispel Undead            Necr           0%         3d6       100%        4
 Summon Forest            Summ/Tloc      0%         N/A       100%        5
 Death Channel            Necr           0%         N/A       100%        6
 Starburst                Conj/Fire      0%         6d3       100%        6


Dungeon Overview and Level Annotations

Branches:
Dungeon (5/15)             Temple (1/1) D:4

Altars:
Ashenzari
Cheibriados
Dithmenos
Fedhas
Makhleb
Nemelex Xobeh
Qazlal
Uskayaw
Vehumet
Wu Jian
Xom
Yredelemnul
Zin
The Shining One


Innate Abilities, Weirdness & Mutations

You are completely covered in rugged brown scales. (AC +3, +7% HP)
You have supernaturally acute eyesight. (SInv)
Armour fits poorly on your strangely shaped body.
You can roll at nearby foes to attack.
You have a long armoured tail.
You curl defensively after being hit.


Message History

HP restored.
You see here a hornet corpse.
You open the door.
Found a stone staircase leading up.
Your divine stamina fades away.
An ogre comes into view. It is wielding a +0 giant spiked club.
Okay, then.
b - a +0 hunting sling (weapon)
You shoot a stone. The stone hits the ogre.
The ogre is lightly wounded.
You shoot a stone. The stone hits the ogre.
The ogre is lightly wounded.
a - a +0 morningstar (weapon)
Zin grants you divine stamina.
Your shield and scale mail prevent you from hitting the ogre.
You tail-slap the ogre, but do no damage.
The ogre is lightly wounded.
The ogre hits you with a +0 giant spiked club!
You barely miss the ogre.
You tail-slap the ogre, but do no damage.
The ogre is lightly wounded.
You block the ogre's attack.
You barely miss the ogre.
The ogre is lightly wounded.
The ogre hits you with a +0 giant spiked club.
Your shield and scale mail prevent you from hitting the ogre.
The ogre is lightly wounded.
The ogre hits you with a +0 giant spiked club!
You barely miss the ogre.
The ogre is lightly wounded.
You block the ogre's attack.
You barely miss the ogre. You tail-slap the ogre!
The ogre is heavily wounded.
The ogre hits you with a +0 giant spiked club!!
You are too injured to fight recklessly!
You are too injured to fight recklessly!
You hit the ogre.
The ogre is heavily wounded.
The ogre hits you with a +0 giant spiked club!!
You die...

... #. ... #. #<# #(
#.# #( #.# #. ##'## #.
##...##
#O##########.....##
#.@......##......<#
###...##.#.......†.
#####.......+..>......
#........##.#.........
#.#####..............#
##.#####......## #.#
#.#...## ..# #.##+##
#.# #.#


You could see an ogre.

Vanquished Creatures
  A hornet (D:5)
  Eustachio (D:4)
  An ogre (D:4)
  A bullfrog (D:4)
  A scorpion (D:4)
  A howler monkey (D:4)
  A hound (D:4)
  A jelly (D:4)
  A bullfrog skeleton (D:4)
  A centaur skeleton (D:4)
  An orc wizard (D:4)
  Natasha (thrice) (D:4)
  2 iguanas (D:4)
  2 hound skeletons (D:4)
  10 adders
  A gnoll (D:4)
  A worm (D:4)
  An adder skeleton (D:4)
  6 dart slugs
  2 orcs (D:4)
  3 bats
  8 endoplasms
  2 giant cockroaches
  9 goblins
  12 hobgoblins
  3 jackals (D:1)
  4 kobolds
  10 ball pythons
  4 frilled lizards
  7 rats
101 creatures vanquished.

Notes
Turn   | Place    | Note
-------+----------+-------------------------------------------
     0 | D:1      | Gwenloh the Palentonga Fighter began the quest for the Orb.
     0 | D:1      | Reached XP level 1. HP: 19/19 MP: 1/1
   461 | D:1      | Reached XP level 2. HP: 25/25 MP: 2/2
   729 | D:1      | Found a faded altar of an unknown god.
   959 | D:2      | Reached skill level 3 in Maces & Flails
   960 | D:2      | Reached skill level 1 in Evocations
  1068 | D:2      | Reached XP level 3. HP: 17/31 MP: 3/3
  1825 | D:2      | Reached XP level 4. HP: 33/37 MP: 4/4
  2133 | D:3      | Reached skill level 4 in Maces & Flails
  2842 | D:3      | Found a blossoming altar of Fedhas.
  2870 | D:3      | Got the Collected Works on the Damaging Voyage
  3203 | D:4      | Reached XP level 5. HP: 38/43 MP: 5/5
  3244 | D:4      | Noticed an ogre
  3249 | D:4      | Killed an ogre
  3250 | D:4      | Reached skill level 5 in Maces & Flails
  3281 | D:4      | Noticed Natasha
  3289 | D:4      | Killed Natasha
  3300 | D:4      | Noticed Natasha
  3303 | D:4      | Killed Natasha
  3304 | D:4      | Reached XP level 6. HP: 17/50 MP: 6/6
  3768 | D:4      | Reached skill level 6 in Maces & Flails
  4207 | D:4      | Gained mutation: You curl defensively after being hit.
                  | [Palentonga growth]
  4207 | D:4      | Reached XP level 7. HP: 55/55 MP: 7/7
  4617 | D:4      | Reached skill level 7 in Maces & Flails
  4825 | D:4      | Noticed Eustachio
  4827 | D:4      | Noticed Natasha
  4832 | D:4      | Killed Natasha
  4837 | D:4      | Killed Eustachio
  4912 | D:4      | Found a staircase to the Ecumenical Temple.
  4920 | Temple   | Entered the Ecumenical Temple
  5023 | Temple   | Became a worshipper of Zin the Law-Giver
  5023 | Temple   | Reached * piety under Zin
  5023 | Temple   | Reached ** piety under Zin
  5146 | D:5      | Entered Level 5 of the Dungeon
  5146 | D:5      | Noticed a hornet
  5155 | D:5      | Killed a hornet
  5156 | D:5      | Reached skill level 8 in Maces & Flails
  5156 | D:5      | Reached XP level 8. HP: 50/62 MP: 6/8
  5246 | D:5      | Mangled by an ogre

Illustrated notes

Levels and vault maps discovered:
D:1:      eino_arrival_cavern_a, layout_rooms,
          hellmonk_ecumenical_altar_leap_of_faith, minmay_tromino_i4
D:2:      layout_loops_ring
D:3:      layout_basic, lemuel_crystal_altar
D:4:      minmay_polygon_palace, layout_basic,
          minmay_temple_entry_enclosed_plants, uniq_eustachio, uniq_natasha
D:5:      layout_loops_corners, uniq_grinder, uniq_blork_the_orc, uniq_duvessa
Temple:   dshaligram_water_room_temple

Skill      XL: |  1  2  3  4  5  6  7 |
---------------+----------------------+-----
Maces & Flails | 3 4 5 6 8 |  8.0
Evocations     | 1 2 3 4 |  4.7
Fighting       | |  3.0
Armour         | |  2.4
Shields        | |  2.4

Action                   |  1- 3 |  4- 6 |  7- 9 || total
-------------------------+-------+-------+-------++-------
Melee: Flail             |    77 |    92 |       ||   169
       Tailslap          |     6 |     9 |    11 ||    26
       Morningstar       |       |    17 |    86 ||   103
 Fire: Hunting sling     |    32 |    58 |    15 ||   105
Throw: Stone             |     7 |       |       ||     7
Invok: Vitalisation      |       |       |     2 ||     2
 Abil: Rolling Charge    |     2 |     1 |     6 ||     9
Evoke: Wand              |       |     4 |       ||     4
  Use: Scroll            |       |     6 |       ||     6
Armor: Scale mail        |    30 |    39 |    19 ||    88
Dodge: Dodged            |    18 |    20 |    15 ||    53
Block: Kite shield       |    38 |    85 |    60 ||   183
       Reflection        |       |     3 |       ||     3
